 Dungeon Sprint DCSS version 0.22-a0-750-ga7dcef7 (webtiles) character file.

511 collin38 the Fighter (level 6, -6/66 HPs)
             Began as a Minotaur Fighter on July 15, 2018.
             Was a Follower of Makhleb.
             Splashed by an oklob plant's acid (15 damage)
             ... in the Dungeon (Sprint IV: "Fedhas' Mad Dash").
             The game lasted 00:02:50 (1407 turns).

collin38 the Fighter (Minotaur Fighter)             Turns: 1407, Time: 00:02:52

Health: -6/66      AC:  0    Str: 21    XL:     6   Next: 99%
Magic:  5/5        EV:  8    Int:  5    God:    Makhleb [*.....]
Gold:   64         SH: 11    Dex: 11    Spells: 5/5 levels left

rFire    . . .     SeeInvis .   a - +0 long sword
rCold    . . .     Gourm    .   c - +0 shield
rNeg     . . .     Faith    .   b - +0 scale mail
rPois    .         Spirit   .   (helmet restricted)
rElec    .         Reflect  .   (no cloak)
rCorr    .         Harm     .   (no gloves)
MR       .....     NoTele   +   (no boots)
Stlth    ..........             (no amulet)
HPRegen  0.21/turn              (no ring)
MPRegen  0.09/turn              (no ring)

@: corroded
A: retaliatory headbutt, horns 2
a: Renounce Religion


You were in the Dungeon.
You worshipped Makhleb.
Makhleb was aware of your devotion.
You were not hungry.

You visited 1 branch You collected 64 gold pieces.

Inventory:

Hand Weapons
 a - a +0 long sword (weapon)
Armour
 b - a +0 scale mail (worn)
 c - a +0 shield (worn)
Jewellery
 l - the amulet of invisibility {+Inv}
   (You found it in the Dungeon)

   [amulet of nothing]

   It lets you turn invisible.
Potions
 i - 2 potions of magic
 j - a potion of berserk rage
Comestibles
 f - a ration


   Skills:
 + Level 9.7 Fighting
 + Level 9.3 Long Blades
 + Level 9.6 Armour
 + Level 9.6 Shields


You had 5 spell levels left.
You didn't know any spells.
Your spell library was empty.

Dungeon Overview and Level Annotations

Branches:
Dungeon (1/1)

Altars:
Cheibriados
Dithmenos
Elyvilon
Gozag
Hepliaklqana
Kikubaaqudgha
Makhleb
Nemelex Xobeh
Okawaru
Qazlal
Ru
Sif Muna
Trog
Uskayaw
Vehumet
Wu Jian
Xom
Yredelemnul
Zin
The Shining One
Beogh
Jiyva
Lugonu

Annotations:
D exclusion: oklob plant


Innate Abilities, Weirdness & Mutations

You reflexively headbutt those who attack you in melee.
You have a pair of horns on your head.


Message History

The acid burns!
* * * LOW HITPOINT WARNING * * *
You see here a scroll labeled QAREPH PELAI.
You slash the oklob plant!
You headbutt the oklob plant, but do no damage.
The oklob plant is lightly damaged.
You hit the oklob plant.
The oklob plant is lightly damaged.
The oklob plant spits acid at you. You block the splash of acid.
You hit the oklob plant but do no damage.
You headbutt the oklob plant, but do no damage.
The oklob plant is lightly damaged.
You completely miss the oklob plant.
The oklob plant is lightly damaged.
The oklob plant spits acid at you. The splash of acid hits you!
* * * LOW HITPOINT WARNING * * *
You are splashed with acid!
The acid burns!
You die...

#<..P#.....#.....#
#PP..'.....'.#(..'
#PPPP#.....#.#...#
###############'##
#...♣........'†..#
#......♣.....#...#
#.....♣..♣..######
##'####'#####
#@.#$$$$+
#P)#P"### ######


You could see an oklob plant.

Vanquished Creatures
  A queen bee (D)
  4 killer bees (D)
  3 oklob saplings (D)
  A worker ant (D)
  A river rat (D)
  A rat (D)
11 creatures vanquished.

Notes
Turn   | Place    | Note
-------+----------+-------------------------------------------
     0 | D        | collin38 the Minotaur Fighter began the quest for the Orb.
     0 | D        | Reached XP level 1. HP: 19/19 MP: 0/0
     7 | D        | Reached XP level 2. HP: 18/28 MP: 1/1
   117 | D        | Noticed an oklob sapling
   119 | D        | Killed an oklob sapling
   119 | D        | Reached skill level 5 in Fighting
   119 | D        | Reached skill level 5 in Armour
   119 | D        | Reached skill level 5 in Shields
   119 | D        | Reached XP level 3. HP: 36/36 MP: 2/2
   222 | D        | Found the amulet of invisibility {+Inv}
   225 | D        | Reached skill level 5 in Long Blades
   439 | D        | Noticed an oklob sapling
   442 | D        | Killed an oklob sapling
   442 | D        | Reached XP level 4. HP: 24/44 MP: 3/3
   592 | D        | Found an opulent altar of Gozag.
   592 | D        | Found a hazy altar of Hepliaklqana.
   592 | D        | Found a roughly hewn altar of Beogh.
   592 | D        | Found a snail-covered altar of Cheibriados.
   593 | D        | Found a viscous altar of Jiyva.
   593 | D        | Found a burning altar of Makhleb.
   593 | D        | Found a sparkling altar of Nemelex Xobeh.
   593 | D        | Found a sacrificial altar of Ru.
   593 | D        | Found a deep blue altar of Sif Muna.
   593 | D        | Found a bloodstained altar of Trog.
   593 | D        | Found an ornate altar of the Wu Jian Council.
   593 | D        | Found a shimmering altar of Xom.
   593 | D        | Found a basalt altar of Yredelemnul.
   648 | D        | Found an iron altar of Okawaru.
   648 | D        | Found a stormy altar of Qazlal.
   648 | D        | Found a hide-covered altar of Uskayaw.
   648 | D        | Found an ancient bone altar of Kikubaaqudgha.
   648 | D        | Found a radiant altar of Vehumet.
   648 | D        | Found a corrupted altar of Lugonu.
   648 | D        | Found a glowing silver altar of Zin.
   648 | D        | Found a shadowy altar of Dithmenos.
   648 | D        | Found a glowing golden altar of the Shining One.
   648 | D        | Found a white marble altar of Elyvilon.
   761 | D        | Became a worshipper of Makhleb the Destroyer
   793 | D        | Noticed a queen bee
   803 | D        | Reached XP level 5. HP: 44/52 MP: 4/4
   811 | D        | Killed a queen bee
   811 | D        | Reached * piety under Makhleb
   811 | D        | Reached XP level 6. HP: 33/63 MP: 5/5
   953 | D        | Noticed a burning bush
   963 | D        | Noticed an oklob plant
  1407 | D        | Splashed by an oklob plant's acid

Vault maps used:
D:        dungeon_sprint_fedhas

Skill      XL: |  1  2  3  4  5 |
---------------+----------------+-----
Fighting       | 4 5 6 7 9 |  9.7
Long Blades    | 3 4 5 7 9 |  9.3
Armour         | 4 5 6 7 9 |  9.6
Shields        | 4 5 6 7 9 |  9.6

Action                   |  1- 3 |  4- 6 || total
-------------------------+-------+-------++-------
Melee: Long sword        |     9 |    29 ||    38
       Headbutt          |     2 |    13 ||    15
  Use: Potion            |       |     5 ||     5
       Scroll            |       |     1 ||     1
  Eat: Ration            |       |     1 ||     1
Armor: Scale mail        |     2 |     1 ||     3
Dodge: Dodged            |     1 |     5 ||     6
Block: Shield            |     4 |    13 ||    17
       Rpst.: Long sword |       |     3 ||     3

Table legend:
 A = Spawn XP
 B = Non-spawn XP
 C = Spawn XP percentage of total XP
 D = Spawn monster count
 E = Non-spawn monster count
 F = Spawn count percentage of total count
 G = Total turns spent on level
                    A         B        C        D         E        F      G
               +---------+---------+-------+---------+---------+-------+---------
         Total |       0 |     730 |   0.0 |       0 |      11 |   0.0 |  1407
               +---------+---------+-------+---------+---------+-------+---------
             D |       0 |     730 |   0.0 |       0 |      11 |   0.0 |  1407
               +---------+---------+-------+---------+---------+-------+---------
